Staline vs Patriotes
(R1)
Created - October 22, 2018 at 19:26
Goals
|
| Staline |
0 |
1 |
4 |
5 |
| Patriotes |
1 |
2 |
0 |
3 |
|
Shots
|
| Staline |
7 |
14 |
10 |
31 |
| Patriotes |
14 |
14 |
12 |
40 |
|
1st period
1. Patriotes , Justin Florek 3 (Aleksander Barkov 6, Emerson Etem 2) at 7:22
Penalties :
Vince Hinostroza (Nyc) for Hooking (Minor) at 8:46, Timothy Kunes (Nyc) for Tripping (Minor) at 15:04
2nd period
2. Patriotes , Anthony Bitetto 3 (Vince Hinostroza 3, Shane Sims 1) at 1:02
3. Staline , Jiri Sekac 1 (Tyler Pitlick 1, Marek Zagrapan 1) at 2:40
4. Patriotes , Tyler Randell 6 (Shane Sims 2, Christian Hanson 2) at 12:31
Penalties :
Corey Trivino (StJ) for High sticking (Minor) at 3:15, Justin Florek (Nyc) for Roughing (Minor) at 7:03, Lars Eller (StJ) for Hooking (Minor) at 15:13, Shane Sims (Nyc) for Roughing (Minor) at 17:59
3rd period
5. Staline , Cameron Gaunce 1 (Mike Reilly 2, Joni Ortio) at 3:00 (PP)
6. Staline , Corey Trivino 1 (Tyler Pitlick 2) at 18:51
7. Staline , Nick Spaling 3 (Cameron Gaunce 1) at 19:40 (PP)
8. Staline , Mike Reilly 2 (Lars Eller 6, Cameron Gaunce 2) at 19:56 (PP)
Penalties :
Anthony Bitetto (Nyc) for Hooking (Minor) at 2:27, Justin Florek (Nyc) for Holding (Minor) at 7:42, Ryan Fitzgerald (Nyc) for Unsportsmanlike conduct (Major / Game Misconduct) at 15:45, Jiri Sekac (StJ) for Hooking (Minor) at 16:55
Goalie Stats
Joni Ortio (StJ), 37 saves from 40 shots - (0.925), W, 3-0-0, 59:58 minutes
Thomas Greiss (Nyc), 26 saves from 31 shots - (0.839), L, 0-1-0, 60:00 minutes
Players Stats for Staline
Player Name G A P +/- PIM S H SB GA TA FO MP PP MP PK MP
------------------------------------------------------------------------------------
Alex Petrovic 0 0 0 1 0 0 0 1 1 0 0/0 14:22 0:00 1:36
Barclay Goodrow 0 0 0 0 0 0 0 0 0 0 0/0 0:00 0:00 0:00
Bryan Bickell 0 0 0 0 0 1 1 2 0 0 0/0 9:20 0:00 1:13
Cameron Gaunce 1 2 3 -1 0 1 1 3 1 4 0/0 26:22 7:20 2:22
Charles Hudon 0 0 0 0 0 0 0 0 0 0 0/0 0:00 0:00 0:00
Corey Trivino 1 0 1 0 2 5 0 1 0 1 6/14 17:57 5:07 1:00
Danny Kristo 0 0 0 0 0 1 2 3 0 0 0/0 8:54 0:00 0:36
Jason Akeson 0 0 0 -1 0 4 3 1 2 0 2/4 20:42 7:05 0:00
Jiri Sekac 1 0 1 0 2 1 5 1 0 0 0/1 13:59 5:26 0:00
Jordan Szwarz 0 0 0 -1 0 1 3 0 1 1 2/3 17:33 4:59 1:11
Lars Eller 0 1 1 -1 2 2 1 0 1 1 12/26 20:43 7:05 0:00
Marek Zagrapan 0 1 1 0 0 2 0 0 0 0 1/2 9:24 0:00 0:54
Mike Reilly 1 1 2 -1 0 2 0 3 0 0 0/0 22:40 7:02 0:00
Nick Spaling 1 0 1 -1 0 4 2 0 0 0 0/1 19:16 6:51 0:00
Nikita Nesterov 0 0 0 -1 0 0 0 3 1 1 0/0 13:55 0:18 0:00
Peter Holland 0 0 0 0 0 3 0 0 0 0 2/3 8:50 0:00 0:53
Philip Larsen 0 0 0 -1 0 1 1 6 1 1 0/0 22:04 5:23 1:36
Sergey Tolchinsky 0 0 0 -1 0 0 1 0 0 0 0/0 12:37 0:25 0:00
Tobias Lindberg 0 0 0 0 0 0 0 0 0 0 0/0 1:28 0:25 0:00
Tyler Pitlick 0 2 2 1 0 0 1 1 1 1 0/1 13:17 0:45 2:09
Viktor Loov 0 0 0 1 0 3 0 3 0 0 0/0 20:37 5:23 2:22
Players Stats for Patriotes
Player Name G A P +/- PIM S H SB GA TA FO MP PP MP PK MP
------------------------------------------------------------------------------------
Aaron Ness 0 0 0 0 0 1 0 0 0 0 0/0 10:17 0:00 0:00
Aleksander Barkov 0 1 1 1 0 1 0 0 1 0 2/4 11:40 1:50 0:00
Anthony Bitetto 1 0 1 0 2 5 4 1 0 2 0/0 25:02 2:31 7:46
Austin Watson 0 0 0 0 0 0 0 0 1 0 0/0 8:26 0:00 1:06
Borna Rendulic 0 0 0 0 0 0 1 0 1 2 0/0 10:37 0:00 0:00
Christian Hanson 0 1 1 1 0 4 2 2 0 0 13/23 19:40 2:08 3:41
Dale Weise 0 0 0 0 0 1 0 0 0 0 0/1 7:19 0:00 0:00
David Kolomatis 0 0 0 0 0 2 0 0 0 2 0/0 22:09 1:27 4:24
Dillon Heatherington 0 0 0 1 0 0 0 0 0 0 0/0 3:19 0:00 0:08
Emerson Etem 0 1 1 1 0 4 1 0 2 0 0/0 16:32 1:50 3:10
Jared Knight 0 0 0 0 0 1 0 0 0 0 2/5 10:37 0:00 0:00
Jason Zucker 0 0 0 1 0 4 0 0 3 1 10/15 22:46 2:08 7:59
Justin Florek 1 0 1 1 4 1 0 0 0 0 0/0 12:18 1:50 0:00
Mario Lucia 0 0 0 0 0 0 0 0 0 0 0/0 1:53 0:00 1:52
Maxim Mamin 0 0 0 0 0 0 0 0 0 0 0/0 0:00 0:00 0:00
Riley Barber 0 0 0 -1 0 0 0 0 0 0 0/1 1:05 0:00 0:00
Robert Baillargeon 0 0 0 -1 0 0 0 0 0 0 0/0 0:19 0:00 0:00
Ryan Fitzgerald 0 0 0 0 15 2 0 0 0 0 2/3 7:18 0:00 0:00
Shane Sims 0 2 2 0 2 2 0 1 0 1 0/0 20:25 1:27 3:53
Shea Theodore 0 0 0 0 0 2 0 1 0 0 0/0 12:30 0:00 2:13
Timothy Kunes 0 0 0 1 2 4 0 0 0 1 0/0 26:17 2:31 7:02
Tyler Randell 1 0 1 1 0 1 2 0 1 0 1/2 23:03 2:08 7:38
Vince Hinostroza 0 1 1 0 2 5 2 0 1 0 0/1 11:39 0:00 0:00
3 Stars
1 - Cameron Gaunce (StJ)
2 - Tyler Pitlick (StJ)
3 - Mike Reilly (StJ)
Power Play
Staline - 3 on 9 Attempt(s) - 33.33%
Patriotes - 0 on 3 Attempt(s) - 0.00%
Penalty Kill
Staline - 3 on 3 Attempt(s) - 100.00%
- Score 0 goal in Penalty Kill
Patriotes - 6 on 9 Attempt(s) - 66.67%
- Score 0 goal in Penalty Kill
Team Stat
Staline - Hits : 21 - Faceoff Wins : 25 - Blocked Shots : 28 - Penalty Minutes : 6
Patriotes - Hits : 12 - Faceoff Wins : 30 - Blocked Shots : 5 - Penalty Minutes : 27
Official
Referees : Unknown
Linesman : Unknown
Game Notes
Ryan Fitzgerald ejected from game at 15:45 of 3rd period
Finance
Level 1 -- Attendance: 1504 (75.20%) -- Ticket Income $60,160
Level 2 -- Attendance: 712 (71.20%) -- Ticket Income $14,240
Total Attendance: 2216 (73.87%)
Total Ticket Income: $74,400
Other Income: $3,720
Total Income: $78,120
Staline
5 vs 5 Forward
Center Left Wing Right Wing Time % Phy DF OF
1 Lars Eller Nick Spaling Jason Akeson 40 1 2 2
2 Corey Trivino Sergey Tolchinsky Jordan Szwarz 30 1 2 2
3 Marek Zagrapan Jiri Sekac Tyler Pitlick 20 1 2 2
4 Peter Holland Bryan Bickell Danny Kristo 10 1 2 2
5 vs 5 Defense
Defense Defense Time % Phy DF OF
1 Cameron Gaunce Philip Larsen 40 1 2 2
2 Alex Petrovic Viktor Loov 30 1 2 2
3 Mike Reilly Nikita Nesterov 20 1 2 2
4 Cameron Gaunce Philip Larsen 10 1 2 2
PowerPlay Forward
Center Left Wing Right Wing Time % Phy DF OF
1 Lars Eller Nick Spaling Jason Akeson 60 1 2 2
2 Corey Trivino Jiri Sekac Jordan Szwarz 40 1 2 2
PowerPlay Defense
Defense Defense Time % Phy DF OF
1 Cameron Gaunce Mike Reilly 60 1 2 2
2 Philip Larsen Viktor Loov 40 1 2 2
Penalty Kill 4 Players Forward
Center Wing Time % Phy DF OF
1 Corey Trivino Tyler Pitlick 60 1 2 2
2 Marek Zagrapan Danny Kristo 40 1 2 2
Penalty Kill 4 Players Defense
Defense Defense Time % Phy DF OF
1 Cameron Gaunce Viktor Loov 60 1 2 2
2 Alex Petrovic Philip Larsen 40 1 2 2
Penalty Kill - 3 Players Forward
Forward Time % Phy DF OF
1 Corey Trivino 60 1 2 2
2 Marek Zagrapan 40 1 2 2
Penalty Kill - 3 Players Defense
Defense Defense Time % Phy DF OF
1 Cameron Gaunce Viktor Loov 60 1 2 2
2 Alex Petrovic Philip Larsen 40 1 2 2
4 vs 4 Forward
Center Wing Time % Phy DF OF
1 Lars Eller Jason Akeson 60 1 2 2
2 Corey Trivino Tyler Pitlick 40 1 2 2
4 vs 4 Defense
Defense Defense Time % Phy DF OF
1 Cameron Gaunce Mike Reilly 60 1 2 2
2 Alex Petrovic Viktor Loov 40 1 2 2
Last Minutes Offensive
Center Left Wing Right Wing Defense Defense
Lars Eller Nick Spaling Tyler Pitlick Cameron Gaunce Mike Reilly
Last Minutes Defensive
Center Left Wing Right Wing Defense Defense
Lars Eller Nick Spaling Tyler Pitlick Cameron Gaunce Philip Larsen
Goaltenders
Starting : Joni Ortio
Backup : Andrew Hammond
Extra Forwards
Normal : Danny Kristo, Tyler Pitlick, Jiri Sekac - PP : Tyler Pitlick, Sergey Tolchinsky - PK : Jordan Szwarz
Extra Defensemen
Normal : Mike Reilly, Viktor Loov, Nikita Nesterov - PP : Nikita Nesterov - PK : Mike Reilly, Nikita Nesterov
Penalty Shots
Nick Spaling, Lars Eller, Tyler Pitlick, Danny Kristo, Corey Trivino
Scratches
Tyler Lewington (Healthy), Andrey Pedan (Healthy), David Musil (Healthy), Darcy Kuemper (Healthy)
Patriotes
5 vs 5 Forward
Center Left Wing Right Wing Time % Phy DF OF
1 Christian Hanson Jason Zucker Tyler Randell 40 1 2 2
2 Aleksander Barkov Justin Florek Emerson Etem 30 1 2 2
3 Jared Knight Vince Hinostroza Borna Rendulic 20 1 2 2
4 Ryan Fitzgerald Austin Watson Dale Weise 10 1 2 2
5 vs 5 Defense
Defense Defense Time % Phy DF OF
1 Timothy Kunes Anthony Bitetto 40 1 2 2
2 Shane Sims David Kolomatis 30 1 2 2
3 Aaron Ness Shea Theodore 20 1 2 2
4 Dillon Heatherington Timothy Kunes 10 1 2 2
PowerPlay Forward
Center Left Wing Right Wing Time % Phy DF OF
1 Christian Hanson Jason Zucker Tyler Randell 60 1 2 2
2 Aleksander Barkov Justin Florek Emerson Etem 40 1 2 2
PowerPlay Defense
Defense Defense Time % Phy DF OF
1 Timothy Kunes Anthony Bitetto 60 1 2 2
2 Shane Sims David Kolomatis 40 1 2 2
Penalty Kill 4 Players Forward
Center Wing Time % Phy DF OF
1 Jason Zucker Tyler Randell 60 1 2 2
2 Christian Hanson Emerson Etem 40 1 2 2
Penalty Kill 4 Players Defense
Defense Defense Time % Phy DF OF
1 Timothy Kunes Anthony Bitetto 60 1 2 2
2 Shane Sims David Kolomatis 40 1 2 2
Penalty Kill - 3 Players Forward
Forward Time % Phy DF OF
1 Jason Zucker 60 1 2 2
2 Tyler Randell 40 1 2 2
Penalty Kill - 3 Players Defense
Defense Defense Time % Phy DF OF
1 Timothy Kunes Anthony Bitetto 60 1 2 2
2 Shane Sims David Kolomatis 40 1 2 2
4 vs 4 Forward
Center Wing Time % Phy DF OF
1 Jason Zucker Tyler Randell 60 1 2 2
2 Christian Hanson Emerson Etem 40 1 2 2
4 vs 4 Defense
Defense Defense Time % Phy DF OF
1 Timothy Kunes Anthony Bitetto 60 1 2 2
2 Shane Sims David Kolomatis 40 1 2 2
Last Minutes Offensive
Center Left Wing Right Wing Defense Defense
Christian Hanson Jason Zucker Tyler Randell Timothy Kunes Anthony Bitetto
Last Minutes Defensive
Center Left Wing Right Wing Defense Defense
Christian Hanson Jason Zucker Tyler Randell Timothy Kunes Anthony Bitetto
Goaltenders
Starting : Thomas Greiss
Backup : Andrei Vasilevskiy
Extra Forwards
Normal : Riley Barber, Robert Baillargeon, Mario Lucia - PP : Riley Barber, Robert Baillargeon - PK : Mario Lucia
Extra Defensemen
Normal : Aaron Ness, Shea Theodore, Dillon Heatherington - PP : Aaron Ness - PK : Shea Theodore, Dillon Heatherington
Penalty Shots
Jason Zucker, Tyler Randell, Christian Hanson, Emerson Etem, Justin Florek
Scratches
Evgeny Kuznetsov (Sore Right Knee Injury), Phoenix Copley (Healthy)
% Time on Ice - Staline
Lines # - Real PCT - Wanted PCT - Time Play
Normal Forward
1 - 33% - 40% - 13:41
2 - 27% - 30% - 11:12
3 - 21% - 20% - 8:30
4 - 19% - 10% - 7:57
Normal Defense
1 - 38% - 40% - 15:37
2 - 30% - 30% - 12:12
3 - 30% - 20% - 12:19
4 - 3% - 10% - 1:12
PP Forward
1 - 59% - 60% - 7:30
2 - 41% - 40% - 5:13
PP Defense
1 - 58% - 60% - 7:20
2 - 42% - 40% - 5:23
PK Forward
1 - 85% - 60% - 3:22
2 - 15% - 40% - 0:36
PK Defense
1 - 60% - 60% - 2:22
2 - 40% - 40% - 1:36
PK3 Forward
1 - 0% - 60%
2 - 0% - 40%
PK3 Defense
1 - 0% - 60%
2 - 0% - 40%
44 Forward
1 - 78% - 60% - 1:33
2 - 22% - 40% - 0:26
44 Defense
1 - 58% - 60% - 1:09
2 - 42% - 40% - 0:50
Last Minute Offensive - 0:00
Last Minute Defensive - 0:00
Total
Forward - 60:00
Defense - 60:00
|
% Time on Ice - Patriotes
Lines # - Real PCT - Wanted PCT - Time Play
Normal Forward
1 - 30% - 40% - 12:30
2 - 26% - 30% - 10:54
3 - 26% - 20% - 10:37
4 - 18% - 10% - 7:19
Normal Defense
1 - 33% - 40% - 13:38
2 - 34% - 30% - 14:14
3 - 25% - 20% - 10:17
4 - 8% - 10% - 3:11
PP Forward
1 - 54% - 60% - 2:08
2 - 46% - 40% - 1:50
PP Defense
1 - 63% - 60% - 2:31
2 - 37% - 40% - 1:27
PK Forward
1 - 75% - 60% - 9:33
2 - 25% - 40% - 3:10
PK Defense
1 - 65% - 60% - 8:19
2 - 35% - 40% - 4:24
PK3 Forward
1 - 0% - 60%
2 - 0% - 40%
PK3 Defense
1 - 0% - 60%
2 - 0% - 40%
44 Forward
1 - 68% - 60% - 1:21
2 - 32% - 40% - 0:38
44 Defense
1 - 57% - 60% - 1:08
2 - 43% - 40% - 0:51
Last Minute Offensive - 0:00
Last Minute Defensive - 0:00
Total
Forward - 60:00
Defense - 60:00
|
Play by Play
1st period
0:01 of 1st period - Christian Hanson wins face-off versus Lars Eller in neutral zone.
0:26 of 1st period - Justin Florek is hit by Sergey Tolchinsky and loses puck.
0:57 of 1st period - Slapshot by Marek Zagrapan.
0:57 of 1st period - Stopped by Thomas Greiss with a rebound.
1:19 of 1st period - Slapshot by Anthony Bitetto.
1:19 of 1st period - Deflect By Austin Watson.
1:19 of 1st period - Shot Misses the Net.
1:19 of 1st period - Puck is out of play.
1:20 of 1st period - Christian Hanson wins face-off versus Nick Spaling in Staline zone.
2:31 of 1st period - Snap shot by Nick Spaling.
2:31 of 1st period - Shot Misses the Net.
2:33 of 1st period - Snap shot by Jason Akeson.
2:33 of 1st period - Shot Misses the Net.
2:35 of 1st period - Wrist shot by Nick Spaling.
2:35 of 1st period - Shot Misses the Net.
2:37 of 1st period - Snap shot by Lars Eller.
2:37 of 1st period - Stopped by Thomas Greiss with a rebound.
2:39 of 1st period - Slapshot by Jason Akeson.
2:39 of 1st period - Stopped by Thomas Greiss without a rebound.
2:40 of 1st period - Corey Trivino wins face-off versus Christian Hanson in Patriotes zone.
2:45 of 1st period - Snap shot by Jordan Szwarz.
2:45 of 1st period - Shot Blocked by Christian Hanson.
3:08 of 1st period - Wrist shot by Danny Kristo.
3:08 of 1st period - Stopped by Thomas Greiss with a rebound.
4:31 of 1st period - Snap shot by Emerson Etem.
4:31 of 1st period - Shot Blocked by Philip Larsen.
5:22 of 1st period - Corey Trivino is hit by Anthony Bitetto and loses puck.
5:35 of 1st period - Anthony Bitetto is hit by Philip Larsen and loses puck.
5:49 of 1st period - Icing by Anthony Bitetto.
5:50 of 1st period - Marek Zagrapan wins face-off versus Christian Hanson in Patriotes zone.
6:15 of 1st period - Off-side.
6:16 of 1st period - Aleksander Barkov wins face-off versus Lars Eller in neutral zone.
6:41 of 1st period - Emerson Etem is hit by Jiri Sekac and loses puck.
7:00 of 1st period - Snap shot by Aleksander Barkov.
7:00 of 1st period - Shot Blocked by Philip Larsen.
7:13 of 1st period - Wrist shot by Emerson Etem.
7:13 of 1st period - Shot Blocked by Philip Larsen.
7:18 of 1st period - Backhand shot by Emerson Etem.
7:18 of 1st period - Shot Misses the Net.
7:20 of 1st period - Snap shot by Aleksander Barkov.
7:20 of 1st period - Shot Blocked by Philip Larsen.
7:22 of 1st period - Snap shot by Justin Florek.
7:22 of 1st period - Goal by Justin Florek - Staline : 0 - Patriotes : 1.
7:23 of 1st period - Christian Hanson wins face-off versus Corey Trivino in neutral zone.
8:43 of 1st period - Slapshot by Bryan Bickell.
8:43 of 1st period - Deflect By Christian Hanson.
8:43 of 1st period - Shot Misses the Net.
8:43 of 1st period - Puck is out of play.
8:44 of 1st period - Jared Knight wins face-off versus Corey Trivino in Patriotes zone.
8:46 of 1st period - Minor Penalty to Vince Hinostroza for Hooking.
8:47 of 1st period - Lars Eller wins face-off versus Tyler Randell in Patriotes zone.
8:49 of 1st period - Snap shot by Lars Eller.
8:49 of 1st period - Shot Misses the Net.
8:51 of 1st period - Wrist shot by Nick Spaling.
8:51 of 1st period - Stopped by Thomas Greiss with a rebound.
10:46 of 1st period - Penalty to Vince Hinostroza is over, Vince Hinostroza is back on ice.
10:51 of 1st period - Icing by David Kolomatis.
10:52 of 1st period - Christian Hanson wins face-off versus Tyler Pitlick in Patriotes zone.
11:07 of 1st period - Slapshot by Christian Hanson.
11:07 of 1st period - Stopped by Joni Ortio with a rebound.
11:29 of 1st period - Wrist shot by Emerson Etem.
11:29 of 1st period - Stopped by Joni Ortio with a rebound.
11:31 of 1st period - Slapshot by Emerson Etem.
11:31 of 1st period - Shot Misses the Net.
11:33 of 1st period - Snap shot by Anthony Bitetto.
11:33 of 1st period - Stopped by Joni Ortio with a rebound.
11:35 of 1st period - Slapshot by Timothy Kunes.
11:35 of 1st period - Shot Blocked by Cameron Gaunce.
11:48 of 1st period - Wrist shot by Emerson Etem.
11:48 of 1st period - Stopped by Joni Ortio without a rebound.
11:49 of 1st period - Lars Eller wins face-off versus Dale Weise in Staline zone.
12:16 of 1st period - Wrist shot by Tyler Randell.
12:16 of 1st period - Shot Blocked by Danny Kristo.
12:42 of 1st period - Icing by Aaron Ness.
12:43 of 1st period - Lars Eller wins face-off versus Jared Knight in Patriotes zone.
12:46 of 1st period - Snap shot by Jason Akeson.
12:46 of 1st period - Shot Misses the Net.
12:58 of 1st period - Vince Hinostroza is hit by Jason Akeson and loses puck.
14:21 of 1st period - Snap shot by Emerson Etem.
14:21 of 1st period - Shot Blocked by Nikita Nesterov.
14:45 of 1st period - Slapshot by Aleksander Barkov.
14:45 of 1st period - Shot Misses the Net.
14:47 of 1st period - Snap shot by David Kolomatis.
14:47 of 1st period - Stopped by Joni Ortio with a rebound.
14:49 of 1st period - Slapshot by Shane Sims.
14:49 of 1st period - Stopped by Joni Ortio with a rebound.
14:53 of 1st period - Snap shot by Emerson Etem.
14:53 of 1st period - Stopped by Joni Ortio with a rebound.
14:55 of 1st period - Slapshot by David Kolomatis.
14:55 of 1st period - Shot Blocked by Nikita Nesterov.
14:57 of 1st period - Wrist shot by David Kolomatis.
14:57 of 1st period - Deflect By Emerson Etem.
14:57 of 1st period - Deflect By Nick Spaling.
14:57 of 1st period - Stopped by Joni Ortio without a rebound.
14:58 of 1st period - Christian Hanson wins face-off versus Corey Trivino in Staline zone.
14:59 of 1st period - Snap shot by Jason Zucker.
14:59 of 1st period - Shot Hit the Post.
15:04 of 1st period - Minor Penalty to Timothy Kunes for Tripping.
15:05 of 1st period - Jason Zucker wins face-off versus Lars Eller in Patriotes zone.
15:18 of 1st period - Off-side.
15:19 of 1st period - Jason Zucker wins face-off versus Lars Eller in neutral zone.
15:44 of 1st period - Anthony Bitetto is hit by Jiri Sekac and loses puck.
17:04 of 1st period - Penalty to Timothy Kunes is over, Timothy Kunes is back on ice.
17:16 of 1st period - Snap shot by Vince Hinostroza.
17:16 of 1st period - Stopped by Joni Ortio with a rebound.
17:18 of 1st period - Backhand shot by Timothy Kunes.
17:18 of 1st period - Deflect By Vince Hinostroza.
17:18 of 1st period - Shot Blocked by Viktor Loov.
17:18 of 1st period - Puck is out of play.
17:19 of 1st period - Peter Holland wins face-off versus Ryan Fitzgerald in Staline zone.
17:38 of 1st period - Shane Sims is hit by Bryan Bickell and loses puck.
17:51 of 1st period - Philip Larsen is hit by Christian Hanson and loses puck.
17:58 of 1st period - Wrist shot by Jason Zucker.
17:58 of 1st period - Shot Blocked by Cameron Gaunce.
18:00 of 1st period - Backhand shot by David Kolomatis.
18:00 of 1st period - Deflect By Corey Trivino.
18:00 of 1st period - Stopped by Joni Ortio with a rebound.
18:36 of 1st period - Wrist shot by Marek Zagrapan.
18:36 of 1st period - Stopped by Thomas Greiss with a rebound.
19:03 of 1st period - Slapshot by Christian Hanson.
19:03 of 1st period - Stopped by Joni Ortio without a rebound.
19:04 of 1st period - Christian Hanson wins face-off versus Peter Holland in Staline zone.
19:35 of 1st period - Slapshot by Jordan Szwarz.
19:35 of 1st period - Deflect By Corey Trivino.
19:35 of 1st period - Stopped by Thomas Greiss with a rebound.
19:53 of 1st period - Slapshot by Shane Sims.
19:53 of 1st period - Stopped by Joni Ortio without a rebound.
19:54 of 1st period - Christian Hanson wins face-off versus Lars Eller in Staline zone.
19:57 of 1st period - Snap shot by Jason Zucker.
19:57 of 1st period - Stopped by Joni Ortio with a rebound.
19:59 of 1st period - Slapshot by Timothy Kunes.
19:59 of 1st period - Shot Misses the Net.
Goals for this period are 0 for Staline vs 1 for Patriotes.
Shots for this period are 7 for Staline vs 14 for Patriotes.
2nd period
0:01 of 2nd period - Christian Hanson wins face-off versus Corey Trivino in neutral zone.
0:14 of 2nd period - Snap shot by Jason Zucker.
0:14 of 2nd period - Shot Blocked by Cameron Gaunce.
0:32 of 2nd period - Slapshot by Timothy Kunes.
0:32 of 2nd period - Shot Blocked by Jason Akeson.
0:34 of 2nd period - Snap shot by Vince Hinostroza.
0:34 of 2nd period - Stopped by Joni Ortio without a rebound.
0:35 of 2nd period - Jason Akeson wins face-off versus Jared Knight in Staline zone.
0:44 of 2nd period - Backhand shot by Jason Akeson.
0:44 of 2nd period - Stopped by Thomas Greiss with a rebound.
1:00 of 2nd period - Wrist shot by Vince Hinostroza.
1:00 of 2nd period - Shot Misses the Net.
1:02 of 2nd period - Slapshot by Anthony Bitetto.
1:02 of 2nd period - Goal by Anthony Bitetto - Staline : 0 - Patriotes : 2.
1:03 of 2nd period - Christian Hanson wins face-off versus Corey Trivino in neutral zone.
1:12 of 2nd period - Slapshot by Tyler Randell.
1:12 of 2nd period - Shot Misses the Net.
1:53 of 2nd period - Slapshot by Philip Larsen.
1:53 of 2nd period - Stopped by Thomas Greiss without a rebound.
1:54 of 2nd period - Jared Knight wins face-off versus Marek Zagrapan in Patriotes zone.
1:54 of 2nd period - Jared Knight is hit by Tyler Pitlick.
2:06 of 2nd period - Slapshot by Jared Knight.
2:06 of 2nd period - Shot Blocked by Viktor Loov.
2:08 of 2nd period - Snap shot by Vince Hinostroza.
2:08 of 2nd period - Stopped by Joni Ortio with a rebound.
2:10 of 2nd period - Wrist shot by Vince Hinostroza.
2:10 of 2nd period - Shot Blocked by Jiri Sekac.
2:22 of 2nd period - Snap shot by Jared Knight.
2:22 of 2nd period - Shot Misses the Net.
2:38 of 2nd period - Wrist shot by Tyler Pitlick.
2:38 of 2nd period - Shot Misses the Net.
2:40 of 2nd period - Snap shot by Jiri Sekac.
2:40 of 2nd period - Goal by Jiri Sekac - Staline : 1 - Patriotes : 2.
2:41 of 2nd period - Corey Trivino wins face-off versus Christian Hanson in neutral zone.
3:13 of 2nd period - Slapshot by Anthony Bitetto.
3:13 of 2nd period - Shot Blocked by Philip Larsen.
3:15 of 2nd period - Minor Penalty to Corey Trivino for High sticking.
3:16 of 2nd period - Jason Zucker wins face-off versus Jordan Szwarz in Staline zone.
3:27 of 2nd period - Slapshot by Anthony Bitetto.
3:27 of 2nd period - Stopped by Joni Ortio with a rebound.
3:29 of 2nd period - Slapshot by Timothy Kunes.
3:29 of 2nd period - Stopped by Joni Ortio without a rebound.
3:30 of 2nd period - Jordan Szwarz wins face-off versus Christian Hanson in Staline zone.
4:09 of 2nd period - Slapshot by Anthony Bitetto.
4:09 of 2nd period - Stopped by Joni Ortio with a rebound.
4:21 of 2nd period - Slapshot by Anthony Bitetto.
4:21 of 2nd period - Shot Hit the Post.
5:15 of 2nd period - Penalty to Corey Trivino is over, Corey Trivino is back on ice.
5:21 of 2nd period - Snap shot by Tyler Pitlick.
5:21 of 2nd period - Shot Misses the Net.
5:23 of 2nd period - Slapshot by Viktor Loov.
5:23 of 2nd period - Stopped by Thomas Greiss with a rebound.
5:25 of 2nd period - Snap shot by Viktor Loov.
5:25 of 2nd period - Deflect By David Kolomatis.
5:25 of 2nd period - Stopped by Thomas Greiss without a rebound.
5:26 of 2nd period - Ryan Fitzgerald wins face-off versus Lars Eller in Patriotes zone.
6:17 of 2nd period - Wrist shot by Corey Trivino.
6:17 of 2nd period - Stopped by Thomas Greiss with a rebound.
6:31 of 2nd period - Mike Reilly is hit by Tyler Randell and loses puck.
6:44 of 2nd period - Wrist shot by Jordan Szwarz.
6:44 of 2nd period - Stopped by Thomas Greiss with a rebound.
6:52 of 2nd period - Snap shot by Corey Trivino.
6:52 of 2nd period - Shot Misses the Net.
6:56 of 2nd period - Wrist shot by Corey Trivino.
6:56 of 2nd period - Stopped by Thomas Greiss without a rebound.
6:57 of 2nd period - Lars Eller wins face-off versus Aleksander Barkov in Patriotes zone.
7:03 of 2nd period - Minor Penalty to Justin Florek for Roughing.
7:04 of 2nd period - Jason Zucker wins face-off versus Lars Eller in Patriotes zone.
7:04 of 2nd period - Jason Zucker is hit by Jason Akeson.
9:03 of 2nd period - Penalty to Justin Florek is over, Justin Florek is back on ice.
9:55 of 2nd period - Snap shot by Peter Holland.
9:55 of 2nd period - Stopped by Thomas Greiss with a rebound.
10:11 of 2nd period - Snap shot by Borna Rendulic.
10:11 of 2nd period - Deflect By Jared Knight.
10:11 of 2nd period - Stopped by Joni Ortio without a rebound.
10:12 of 2nd period - Lars Eller wins face-off versus Jared Knight in Staline zone.
10:15 of 2nd period - Snap shot by Vince Hinostroza.
10:15 of 2nd period - Stopped by Joni Ortio with a rebound.
10:17 of 2nd period - Slapshot by David Kolomatis.
10:17 of 2nd period - Shot Blocked by Alex Petrovic.
10:42 of 2nd period - Wrist shot by Vince Hinostroza.
10:42 of 2nd period - Stopped by Joni Ortio with a rebound.
10:48 of 2nd period - Timothy Kunes is hit by Nick Spaling and loses puck.
10:59 of 2nd period - Jason Akeson is hit by Anthony Bitetto and loses puck.
11:18 of 2nd period - Snap shot by Lars Eller.
11:18 of 2nd period - Stopped by Thomas Greiss without a rebound.
11:19 of 2nd period - Corey Trivino wins face-off versus Christian Hanson in Patriotes zone.
11:24 of 2nd period - Jordan Szwarz is hit by Christian Hanson and loses puck.
12:15 of 2nd period - Slapshot by Peter Holland.
12:15 of 2nd period - Stopped by Thomas Greiss with a rebound.
12:25 of 2nd period - Wrist shot by Shane Sims.
12:25 of 2nd period - Shot Blocked by Mike Reilly.
12:27 of 2nd period - Wrist shot by Christian Hanson.
12:27 of 2nd period - Stopped by Joni Ortio with a rebound.
12:29 of 2nd period - Slapshot by Shane Sims.
12:29 of 2nd period - Shot Blocked by Corey Trivino.
12:31 of 2nd period - Slapshot by Tyler Randell.
12:31 of 2nd period - Goal by Tyler Randell - Staline : 1 - Patriotes : 3.
12:32 of 2nd period - Lars Eller wins face-off versus Christian Hanson in neutral zone.
12:37 of 2nd period - Slapshot by Nick Spaling.
12:37 of 2nd period - Stopped by Thomas Greiss without a rebound.
12:38 of 2nd period - Lars Eller wins face-off versus Christian Hanson in Patriotes zone.
12:39 of 2nd period - Wrist shot by Jason Akeson.
12:39 of 2nd period - Stopped by Thomas Greiss with a rebound.
12:41 of 2nd period - Snap shot by Jason Akeson.
12:41 of 2nd period - Shot Misses the Net.
12:43 of 2nd period - Slapshot by Philip Larsen.
12:43 of 2nd period - Shot Blocked by Anthony Bitetto.
13:49 of 2nd period - Slapshot by Peter Holland.
13:49 of 2nd period - Stopped by Thomas Greiss without a rebound.
13:50 of 2nd period - Jason Akeson wins face-off versus Christian Hanson in Patriotes zone.
14:42 of 2nd period - Borna Rendulic is hit by Jiri Sekac and loses puck.
14:59 of 2nd period - Slapshot by Shea Theodore.
14:59 of 2nd period - Deflect By Austin Watson.
14:59 of 2nd period - Shot Blocked by Bryan Bickell.
14:59 of 2nd period - Puck is out of play.
15:00 of 2nd period - Ryan Fitzgerald wins face-off versus Lars Eller in Staline zone.
15:07 of 2nd period - Snap shot by Timothy Kunes.
15:07 of 2nd period - Stopped by Joni Ortio with a rebound.
15:11 of 2nd period - Slapshot by Timothy Kunes.
15:11 of 2nd period - Stopped by Joni Ortio with a rebound.
15:13 of 2nd period - Minor Penalty to Lars Eller for Hooking.
15:14 of 2nd period - Christian Hanson wins face-off versus Corey Trivino in Staline zone.
15:27 of 2nd period - Snap shot by Jason Zucker.
15:27 of 2nd period - Shot Blocked by Viktor Loov.
15:29 of 2nd period - Slapshot by Timothy Kunes.
15:29 of 2nd period - Stopped by Joni Ortio with a rebound.
15:39 of 2nd period - Cameron Gaunce is hit by Emerson Etem and loses puck.
15:48 of 2nd period - Wrist shot by Justin Florek.
15:48 of 2nd period - Shot Misses the Net.
16:30 of 2nd period - Justin Florek is hit by Danny Kristo and loses puck.
16:59 of 2nd period - Justin Florek is hit by Cameron Gaunce and loses puck.
17:13 of 2nd period - Penalty to Lars Eller is over, Lars Eller is back on ice.
17:59 of 2nd period - Minor Penalty to Shane Sims for Roughing.
18:00 of 2nd period - Jason Zucker wins face-off versus Lars Eller in Patriotes zone.
18:17 of 2nd period - Off-side.
18:18 of 2nd period - Jason Zucker wins face-off versus Corey Trivino in neutral zone.
18:25 of 2nd period - Snap shot by Jason Zucker.
18:25 of 2nd period - Shot Misses the Net.
18:48 of 2nd period - Snap shot by Viktor Loov.
18:48 of 2nd period - Deflect By Jason Akeson.
18:48 of 2nd period - Shot Misses the Net.
18:48 of 2nd period - Puck is out of play.
18:49 of 2nd period - Lars Eller wins face-off versus Jason Zucker in Patriotes zone.
19:59 of 2nd period - Penalty to Shane Sims is over, Shane Sims is back on ice.
Goals for this period are 1 for Staline vs 2 for Patriotes.
Shots for this period are 14 for Staline vs 14 for Patriotes.
3rd period
0:01 of 3rd period - Christian Hanson wins face-off versus Lars Eller in neutral zone.
0:25 of 3rd period - Anthony Bitetto is hit by Jordan Szwarz and loses puck.
1:40 of 3rd period - Wrist shot by Bryan Bickell.
1:40 of 3rd period - Stopped by Thomas Greiss without a rebound.
1:41 of 3rd period - Aleksander Barkov wins face-off versus Corey Trivino in Patriotes zone.
1:48 of 3rd period - Slapshot by Aleksander Barkov.
1:48 of 3rd period - Stopped by Joni Ortio with a rebound.
1:51 of 3rd period - Icing by Jordan Szwarz.
1:52 of 3rd period - Corey Trivino wins face-off versus Christian Hanson in Staline zone.
1:54 of 3rd period - Jordan Szwarz is hit by Anthony Bitetto and loses puck.
2:05 of 3rd period - Wrist shot by Jason Zucker.
2:05 of 3rd period - Stopped by Joni Ortio without a rebound.
2:06 of 3rd period - Christian Hanson wins face-off versus Jason Akeson in Staline zone.
2:27 of 3rd period - Minor Penalty to Anthony Bitetto for Hooking.
2:28 of 3rd period - Lars Eller wins face-off versus Jason Zucker in Patriotes zone.
2:29 of 3rd period - Wrist shot by Nick Spaling.
2:29 of 3rd period - Shot Misses the Net.
2:41 of 3rd period - Shea Theodore is hit by Lars Eller and loses puck.
2:58 of 3rd period - Slapshot by Cameron Gaunce.
2:58 of 3rd period - Shot Blocked by Christian Hanson.
3:00 of 3rd period - Slapshot by Cameron Gaunce.
3:00 of 3rd period - Goal by Cameron Gaunce - Staline : 2 - Patriotes : 3.
3:01 of 3rd period - Christian Hanson wins face-off versus Lars Eller in neutral zone.
3:39 of 3rd period - Slapshot by Jason Zucker.
3:39 of 3rd period - Stopped by Joni Ortio with a rebound.
4:00 of 3rd period - Shane Sims is hit by Jordan Szwarz and loses puck.
4:15 of 3rd period - Lars Eller is hit by Borna Rendulic and loses puck.
4:24 of 3rd period - Jason Akeson is hit by Vince Hinostroza and loses puck.
4:39 of 3rd period - Slapshot by Dale Weise.
4:39 of 3rd period - Shot Blocked by Nikita Nesterov.
4:41 of 3rd period - Snap shot by Shea Theodore.
4:41 of 3rd period - Stopped by Joni Ortio with a rebound.
4:43 of 3rd period - Snap shot by Ryan Fitzgerald.
4:43 of 3rd period - Stopped by Joni Ortio without a rebound.
4:44 of 3rd period - Corey Trivino wins face-off versus Aleksander Barkov in Staline zone.
5:09 of 3rd period - Lars Eller is hit by Tyler Randell and loses puck.
5:52 of 3rd period - Slapshot by Shea Theodore.
5:52 of 3rd period - Stopped by Joni Ortio with a rebound.
5:54 of 3rd period - Slapshot by Justin Florek.
5:54 of 3rd period - Shot Blocked by Danny Kristo.
5:56 of 3rd period - Slapshot by Aaron Ness.
5:56 of 3rd period - Stopped by Joni Ortio with a rebound.
7:36 of 3rd period - Slapshot by Marek Zagrapan.
7:36 of 3rd period - Shot Blocked by Shea Theodore.
7:42 of 3rd period - Minor Penalty to Justin Florek for Holding.
7:43 of 3rd period - Jason Zucker wins face-off versus Lars Eller in Patriotes zone.
8:11 of 3rd period - Anthony Bitetto is hit by Jiri Sekac and loses puck.
8:22 of 3rd period - Wrist shot by Corey Trivino.
8:22 of 3rd period - Stopped by Thomas Greiss with a rebound.
9:42 of 3rd period - Penalty to Justin Florek is over, Justin Florek is back on ice.
10:06 of 3rd period - Slapshot by Shane Sims.
10:06 of 3rd period - Shot Blocked by Mike Reilly.
10:08 of 3rd period - Snap shot by Tyler Randell.
10:08 of 3rd period - Shot Hit the Post.
10:10 of 3rd period - Snap shot by Tyler Randell.
10:10 of 3rd period - Shot Misses the Net.
10:12 of 3rd period - Snap shot by Tyler Randell.
10:12 of 3rd period - Shot Blocked by Mike Reilly.
10:14 of 3rd period - Slapshot by Shane Sims.
10:14 of 3rd period - Shot Misses the Net.
10:16 of 3rd period - Slapshot by Christian Hanson.
10:16 of 3rd period - Stopped by Joni Ortio with a rebound.
10:18 of 3rd period - Slapshot by David Kolomatis.
10:18 of 3rd period - Shot Blocked by Tyler Pitlick.
10:20 of 3rd period - Snap shot by Christian Hanson.
10:20 of 3rd period - Deflect By Justin Florek.
10:20 of 3rd period - Shot Misses the Net.
10:20 of 3rd period - Puck is out of play.
10:21 of 3rd period - Peter Holland wins face-off versus Vince Hinostroza in Staline zone.
10:32 of 3rd period - Snap shot by Peter Holland.
10:32 of 3rd period - Shot Misses the Net.
11:05 of 3rd period - Snap shot by Shea Theodore.
11:05 of 3rd period - Shot Misses the Net.
11:11 of 3rd period - Shea Theodore is hit by Jordan Szwarz and loses puck.
11:40 of 3rd period - Slapshot by Jason Akeson.
11:40 of 3rd period - Shot Misses the Net.
11:56 of 3rd period - Jason Zucker is hit by Danny Kristo and loses puck.
12:11 of 3rd period - David Kolomatis is hit by Jiri Sekac.
12:28 of 3rd period - Slapshot by Viktor Loov.
12:28 of 3rd period - Stopped by Thomas Greiss with a rebound.
12:30 of 3rd period - Slapshot by Alex Petrovic.
12:30 of 3rd period - Shot Blocked by Shane Sims.
13:02 of 3rd period - Slapshot by Austin Watson.
13:02 of 3rd period - Shot Misses the Net.
13:04 of 3rd period - Wrist shot by Ryan Fitzgerald.
13:04 of 3rd period - Shot Blocked by Bryan Bickell.
13:06 of 3rd period - Snap shot by Austin Watson.
13:06 of 3rd period - Shot Blocked by Philip Larsen.
13:08 of 3rd period - Snap shot by Austin Watson.
13:08 of 3rd period - Shot Blocked by Danny Kristo.
13:10 of 3rd period - Slapshot by Dale Weise.
13:10 of 3rd period - Stopped by Joni Ortio with a rebound.
13:12 of 3rd period - Slapshot by Shane Sims.
13:12 of 3rd period - Shot Misses the Net.
13:14 of 3rd period - Wrist shot by Ryan Fitzgerald.
13:14 of 3rd period - Stopped by Joni Ortio without a rebound.
13:15 of 3rd period - Lars Eller wins face-off versus Christian Hanson in Staline zone.
13:28 of 3rd period - Wrist shot by Tyler Randell.
13:28 of 3rd period - Shot Misses the Net.
14:02 of 3rd period - Tyler Pitlick is hit by Vince Hinostroza and loses puck.
14:44 of 3rd period - Slapshot by Mike Reilly.
14:44 of 3rd period - Stopped by Thomas Greiss with a rebound.
15:45 of 3rd period - Major / Game Misconduct Penalty to Ryan Fitzgerald for Unsportsmanlike conduct.
15:45 of 3rd period - Ryan Fitzgerald is ejected from game.
15:46 of 3rd period - Lars Eller wins face-off versus Jason Zucker in Patriotes zone.
15:58 of 3rd period - Snap shot by Nick Spaling.
15:58 of 3rd period - Stopped by Thomas Greiss with a rebound.
16:00 of 3rd period - Slapshot by Lars Eller.
16:00 of 3rd period - Shot Misses the Net.
16:02 of 3rd period - Wrist shot by Jason Akeson.
16:02 of 3rd period - Stopped by Thomas Greiss without a rebound.
16:03 of 3rd period - Tyler Randell wins face-off versus Jiri Sekac in Patriotes zone.
16:12 of 3rd period - Wrist shot by Tyler Randell.
16:12 of 3rd period - Shot Misses the Net.
16:14 of 3rd period - Slapshot by Anthony Bitetto.
16:14 of 3rd period - Shot Misses the Net.
16:16 of 3rd period - Snap shot by Anthony Bitetto.
16:16 of 3rd period - Stopped by Joni Ortio with a rebound.
16:28 of 3rd period - Timothy Kunes is hit by Jason Akeson and loses puck.
16:55 of 3rd period - Minor Penalty to Jiri Sekac for Hooking.
16:56 of 3rd period - Jason Zucker wins face-off versus Lars Eller in Staline zone.
17:11 of 3rd period - Snap shot by Jason Akeson.
17:11 of 3rd period - Shot Misses the Net.
18:41 of 3rd period - Viktor Loov is hit by Anthony Bitetto.
18:47 of 3rd period - Icing by Anthony Bitetto.
18:48 of 3rd period - Corey Trivino wins face-off versus Riley Barber in Patriotes zone.
18:49 of 3rd period - Staline, Joni Ortio is pulled from the net.
18:51 of 3rd period - Snap shot by Corey Trivino.
18:51 of 3rd period - Goal by Corey Trivino - Staline : 3 - Patriotes : 3.
18:51 of 3rd period - Joni Ortio from Staline was sent back in the game.
18:52 of 3rd period - Jason Zucker wins face-off versus Jason Akeson in neutral zone.
18:55 of 3rd period - Penalty to Jiri Sekac is over, Jiri Sekac is back on ice.
18:57 of 3rd period - Slapshot by Jason Zucker.
18:57 of 3rd period - Stopped by Joni Ortio with a rebound.
19:08 of 3rd period - Off-side.
19:09 of 3rd period - Jordan Szwarz wins face-off versus Jason Zucker in neutral zone.
19:35 of 3rd period - David Kolomatis is hit by Nick Spaling and loses puck.
19:40 of 3rd period - Snap shot by Nick Spaling.
19:40 of 3rd period - Goal by Nick Spaling - Staline : 4 - Patriotes : 3.
19:41 of 3rd period - Jason Zucker wins face-off versus Lars Eller in neutral zone.
19:56 of 3rd period - Slapshot by Mike Reilly.
19:56 of 3rd period - Goal by Mike Reilly - Staline : 5 - Patriotes : 3.
19:57 of 3rd period - Lars Eller wins face-off versus Jason Zucker in neutral zone.
Goals for this period are 4 for Staline vs 0 for Patriotes.
Shots for this period are 10 for Staline vs 12 for Patriotes.
Back to the Top